 Dungeon Crawl Stone Soup version 0.30.0-13-g156ef70053 (webtiles) character file.

Game seed: 10634535394856974262

809 Pooter the Cleaver (level 7, -1/96 HPs)
             Began as a Minotaur Berserker on May 17, 2023.
             Was a Priest of Trog.
             Slain by an iguana (7 damage)
             ... on level 5 of the Dungeon on May 18, 2023.
             The game lasted 00:15:23 (3751 turns).

Pooter the Cleaver (Minotaur Berserker)             Turns: 3751, Time: 00:15:23

Health: -1/96      AC: 11    Str: 23    XL:     7   Next: 61%
Magic:  6/6        EV:  9    Int:  4    God:    Trog [***...]
Gold:   211        SH:  0    Dex: 10    Spells: 6/6 levels left

rFire   + . .        a - +1 battleaxe
rCold   . . .        (shield currently unavailable)
rNeg    . . .        A - +0 chain mail
rPois   .            (helmet restricted)
rElec   .            i - +0 cloak
rCorr   .            (no gloves)
SInv    .            c - +0 pair of boots
Will    .....        (no amulet) Stlth
                     F - ring of protection from fire
HPRegen 0.36/turn    (no ring)
MPRegen 0.10/turn

%: no passive effects
@: berserking, very quick
A: horns 2, retaliatory headbutt
a: Renounce Religion, Berserk, Trog's Hand


You were on level 5 of the Dungeon.
You worshipped Trog.
Trog was most pleased with you.
You visited 1 branch of the dungeon, and saw 5 of its levels.

You collected 211 gold pieces.

Inventory:

Hand Weapons
 a - a +1 battleaxe (weapon)
   (You found it on level 1 of the Dungeon)
 b - a +0 sling
   (You found it on level 2 of the Dungeon)
 k - a +0 flail of holy wrath
   (You took it off Edmund on level 4 of the Dungeon)
 n - a +0 hand axe
 B - a +1 heavy flail
   (You took it off a gnoll on level 5 of the Dungeon)
Missiles
 o - 2 boomerangs (quivered)
 s - 4 poisoned darts
 Q - 18 stones
Armour
 c - a +0 pair of boots (worn)
   (You found it on level 1 of the Dungeon)
 i - a +0 cloak (worn)
   (You found it on level 5 of the Dungeon)
 A - a +0 chain mail (worn)
   (You took it off Edmund on level 4 of the Dungeon)
Jewellery
 F - a ring of protection from fire (left hand)
   (You found it on level 4 of the Dungeon)
Wands
 u - a wand of paralysis (10)
   (You found it on level 5 of the Dungeon)
 y - a wand of quicksilver (6)
   (You took it off Ijyb on level 4 of the Dungeon)
 D - a wand of roots (6)
   (You took it off Eustachio on level 4 of the Dungeon)
Scrolls
 d - a scroll of fog {unknown}
 e - 2 scrolls of amnesia {unknown}
 f - a scroll of immolation {unknown}
 g - a scroll of noise {unknown}
 h - 2 scrolls of poison {!r}
 j - 2 scrolls of summoning
 r - a scroll of blinking
 t - 2 scrolls of teleportation {@r4}
 v - a scroll of vulnerability {unknown}
 x - 2 scrolls of magic mapping
Potions
 l - 2 potions of lignification {unknown}
 m - a potion of heal wounds {unknown}
 p - 2 potions of mutation {unknown}
 q - 5 potions of curing {unknown}
 w - a potion of haste {unknown}
 z - a potion of ambrosia {unknown}
 C - 2 potions of might {unknown}


   Skills:
 + Level 6.9 Fighting
 * Level 9.2 Axes
 - Level 2.4 Armour
 - Level 2.1 Dodging


You had 6 spell levels left.
You didn't know any spells.
Your spell library was empty.

Dungeon Overview and Level Annotations

Branches:
Dungeon (5/15)
 Temple: D:4-7

Altars:
Trog
Uskayaw
Zin

Shops:
D:2 :   D:5 :


Innate Abilities, Weirdness & Mutations

You have a pair of horns on your head.
You reflexively headbutt those who attack you in melee.


Message History

You kill the hound!
Trog accepts your kill.
You open the large door.
An iguana comes into view.
The iguana hisses angrily.
There is a large open door here.
You barely miss the iguana. The iguana barely misses you. The iguana bites you.
You slice the iguana!!
You kill the iguana!
Trog accepts your kill.
You open the large door.
There is a large open door here.
You open the door.
There is an open door here.
As you open the door, it creaks loudly!
There is an open door here.
You open the door.
There is an open door here.
Found a hide-covered altar of Uskayaw.
A two-headed ogre comes into view.
It is wielding a +0 giant spiked club and a +0 giant club.
The two-headed ogre shouts in stereo!
You throw a boomerang.
The boomerang hits the two-headed ogre but does no damage.
An iguana comes into view.
You throw a boomerang. The iguana hisses angrily.
The boomerang hits the two-headed ogre but does no damage.
Aim: a two-headed ogre, wielding a +0 giant spiked club and a +0 giant club The roots erupt in riotous growth!
Roots grab the two-headed ogre.
The grasping roots constrict the two-headed ogre.
You hear a shout!
The two-headed ogre closely misses you. You furiously retaliate!
You headbutt the two-headed ogre.
The two-headed ogre hits you with a +0 giant club!
You slice the two-headed ogre!! You headbutt the two-headed ogre.
The grasping roots constrict the two-headed ogre!
The roots release their grip on the two-headed ogre.
You barely miss the two-headed ogre.
The two-headed ogre hits you with a +0 giant spiked club!!
The two-headed ogre hits you with a +0 giant club!
* * * LOW HITPOINT WARNING * * *
You hit the two-headed ogre but do no damage.
You headbutt the two-headed ogre, but do no damage.
The two-headed ogre hits you with a +0 giant spiked club!
* * * LOW HITPOINT WARNING * * *
The two-headed ogre barely misses you.
A red film seems to cover your vision as you go berserk!
You feel yourself moving faster!
You feel mighty! The iguana bites you!
You die...

## ....#.... _## ##
....#...# ..## ≈~≈
......8.. ...# ~≈~##
#...._... ...#
≈'.##.....8.. ...#
#......#...# ..##
#...lO.#.... ...#
#...@...# ...#
#....##....# ...#
#######....#
.§########.........##
.##......#...##+####
...§§....+...#≈≈≈#
≈≈≈§≈....#...'≈≈≈+
≈###≈....#...#≈≈≈#
§#_'.....#...##+##


You could see a two-headed ogre and an iguana.

Vanquished Creatures
  Eustachio (D:4)
  Edmund (D:4)
  2 scorpions
  A howler monkey (D:4)
  3 hounds
  Ijyb (D:4)
  2 iguanas (D:5)
  9 gnolls
  5 adders
  A shadow imp (D:5)
  An ufetubus (D:4)
  2 dart slugs (D:2)
  6 orcs
  9 endoplasms
  3 giant cockroaches
  3 goblins
  4 hobgoblins
  4 kobolds
  5 quokkas
  9 ball pythons
  9 bats
  3 frilled lizards
  4 rats
88 creatures vanquished.

Notes
Turn   | Place    | Note
-------+----------+-------------------------------------------
     0 | D:1      | Pooter the Minotaur Berserker began the quest for the Orb.
     0 | D:1      | Reached XP level 1. HP: 19/19 MP: 0/0
   106 | D:1      | Reached skill level 4 in Axes
   150 | D:1      | Reached XP level 2. HP: 27/27 MP: 1/1
   490 | D:2      | Reached XP level 3. HP: 28/33 MP: 2/2
   828 | D:2      | Reached ** piety under Trog
   829 | D:2      | Reached skill level 5 in Axes
  1035 | D:2      | Found Fiasm's Vocational Training.
  1330 | D:3      | You fall into a shaft and drop 1 floor!
  1338 | D:4      | Reached XP level 4. HP: 41/41 MP: 3/3
  1430 | D:4      | Reached skill level 6 in Axes
  1524 | D:3      | Reached XP level 5. HP: 47/47 MP: 4/4
  1528 | D:3      | Reached skill level 5 in Fighting
  2215 | D:4      | Noticed Eustachio
  2257 | D:4      | Killed Eustachio
  2258 | D:4      | Reached skill level 7 in Axes
  2258 | D:4      | Reached XP level 6. HP: 22/57 MP: 5/5
  2441 | D:4      | Noticed Ijyb
  2462 | D:4      | Killed Ijyb
  2748 | D:4      | Reached skill level 8 in Axes
  3098 | D:4      | Noticed Edmund
  3115 | D:4      | Killed Edmund
  3116 | D:4      | Reached XP level 7. HP: 64/64 MP: 6/6
  3323 | D:5      | Entered Level 5 of the Dungeon
  3373 | D:5      | Found Ozxompi's Book Emporium.
  3399 | D:5      | Found a bloodstained altar of Trog.
  3416 | D:5      | Found a glowing silver altar of Zin.
  3636 | D:5      | Reached skill level 9 in Axes
  3702 | D:5      | Reached *** piety under Trog
  3740 | D:5      | Found a hide-covered altar of Uskayaw.
  3744 | D:5      | Noticed a two-headed ogre
  3751 | D:5      | Slain by an iguana

Illustrated notes

Levels and vault maps discovered:
D:1:      dpeg_arrival_tiny_i, layout_rooms
D:2:      layout_loops_cross, nicolae_shop_vocational
D:3:      layout_loops_corners
D:4:      layout_layer_cave, corner_web_ring, uniq_eustachio, uniq_ijyb,
          uniq_edmund
D:5:      layout_gridville, marbit_many_paths, kennysheep_mini_moat,
          serial_shops, shop, hangedman_feature_mirror, minmay_liquid_box,
          glass_columns_a, chequers_serial_rivers_room_b,
          kennysheep_generic_room_4, uniq_duvessa

Skill      XL: |  1  2  3  4  5  6  7 |
---------------+----------------------+-----
Axes           | 4 5 6 7 8 9 |  9.2
Fighting       | 4 5 6 |  6.9
Armour         | |  2.4
Dodging        | |  2.1

Action                     |  1- 3 |  4- 6 |  7- 9 || total
---------------------------+-------+-------+-------++-------
  Melee: Hand axe          |    28 |       |       ||    28
         Headbutt          |     8 |    11 |     4 ||    23
         Battleaxe         |    31 |    83 |    29 ||   143
         Punch             |     1 |       |       ||     1
   Fire: Sling             |    25 |       |    11 ||    36
  Throw: Boomerang         |       |     6 |     2 ||     8
         Dart              |       |       |     3 ||     3
 Invoke: Berserk           |       |     2 |     1 ||     3
         Trog's Hand       |       |     2 |       ||     2
  Evoke: Wand              |       |       |     1 ||     1
    Use: Scroll            |     5 |     1 |     1 ||     7
 Armour: Animal skin       |     3 |       |       ||     3
         Ring mail         |    26 |    39 |       ||    65
         Chain mail        |       |       |    21 ||    21
  Dodge: Dodged            |    45 |    51 |    20 ||   116
